 Dungeon Crawl Stone Soup version 0.28-a0-653-g7e9dba17c3 (webtiles) character file.

Game seed: 7075985838620496732

5254 jasper the Severer (level 10, -9/90 HPs)
             Began as a Hill Orc Cinder Acolyte on Oct 11, 2021.
             Was an Initiate of Lugonu.
             Mangled by a fire elemental (10 damage)
             ... created by the fiery vengeance of Ignis
             ... on level 10 of the Dungeon.
             The game lasted 00:21:02 (10952 turns).

jasper the Severer (Hill Orc Cinder Acolyte)       Turns: 10952, Time: 00:21:03

Health: -9/90      AC: 15    Str: 19    XL:     10   Next: 62%
Magic:  11/11      EV: 10    Int: 20    God:    Lugonu [......]
Gold:   387        SH:  5    Dex:  8    Spells: 11/11 levels left

rFire   . . .      SeeInvis .   E - +3 war axe (freeze)
rCold   + . .      Faith    .   (no shield)
rNeg    + . .      Spirit   .   w - +4 ring mail of Forex {rC+ rN+}
rPois   .          Reflect  +   (no helmet)
rElec   .          Harm     .   o - +1 cloak
rCorr   .          Rampage  .   B - +0 pair of gloves
Will    .....                   e - +0 pair of boots
Stlth   ..........              p - amulet of reflection
HPRegen 0.25/turn               H - +6 ring of intelligence
MPRegen 0.12/turn               (no ring)

@: fire susceptible
A: no striking features
a: Renounce Religion


You were on level 10 of the Dungeon.
You worshipped Lugonu.
Lugonu was noncommittal.
You visited 1 branch of the dungeon, and saw 10 of its levels.
You visited the Abyss 1 time.

You collected 387 gold pieces.

Inventory:

Hand Weapons
 a - a -1 hand axe of flaming
 h - a +0 hunting sling
 r - a +0 dire flail of protection
 E - a +3 war axe of freezing (weapon)
 G - a +1 vorpal executioner's axe
Missiles
 f - 152 stones (quivered)
 y - 2 curare-tipped darts
 C - a throwing net
Armour
 b - a +0 robe
 e - a +0 pair of boots (worn)
 i - a +0 leather armour
 l - a +0 scale mail
 n - a +0 chain mail
 o - a +1 cloak (worn)
 t - a +0 kite shield
 w - the +4 ring mail of Forex (worn) {rC+ rN+}
   (You found it on level 5 of the Dungeon)

   rC:        It protects you from cold.
   rN:        It protects you from negative energy.
 B - a +0 pair of gloves (worn)
Jewellery
 p - an amulet of reflection (around neck)
 H - a +6 ring of intelligence (left hand)
Scrolls
 c - 7 scrolls of fog
 q - 2 scrolls of immolation
 u - a scroll of holy word
 v - 3 scrolls of teleportation
 A - a scroll of identify
Potions
 d - a potion of brilliance
 g - 4 potions of curing
 j - 3 potions of degeneration
 k - 3 potions of lignification
 m - a potion of attraction
 s - a potion of heal wounds
 x - a potion of might {unknown}
 z - a potion of flight
 D - 2 potions of mutation {unknown}
 F - a potion of resistance {unknown}
 I - 2 potions of haste {unknown}


   Skills:
 + Level 8.9 Fighting
 - Level 16.0 Axes
 + Level 7.2 Armour
 - Level 1.0 Spellcasting
 - Level 3.2 Fire Magic


You had 11 spell levels left.
You didn't know any spells.
Your spell library contained the following spells:

 Spells                   Type           Power      Damage    Failure   Level
 Scorch                   Fire           28%        2d6       11%         2
 Portal Projectile        Hex/Tloc       2%         N/A       63%         3
 Alistair's Intoxication  Tmut/Pois      0%         N/A       100%        5
 Blade Hands              Tmut           0%         N/A       100%        5
 Borgnjor's Vile Clutch   Necr/Erth      0%         N/A       100%        5
 Excruciating Wounds      Necr           0%         N/A       100%        5
 Eringya's Noxious Bog    Tmut/Pois      0%         N/A       100%        6


Dungeon Overview and Level Annotations

Branches:
Dungeon (10/15)            Temple (0/1) D:5
   Lair: D:8-11         Orc: D:9-12

Altars:
Ru

Shops:
D:7 :

Annotations:
D:9 Erolcha


Message History

Lugonu accepts your kill.
You see here a yak corpse.
You start resting.
Ignis calls forth spirits of fire to unmake you! 3 fire elementals come into view.
You hit the fire elemental. You freeze the fire elemental.
The fire elemental is lightly damaged.
You closely miss the fire elemental. You barely miss the fire elemental.
The fire elemental is lightly damaged.
You slash the fire elemental! You freeze the fire elemental.
The fire elemental hits you. The fire elemental burns you!
You take 12 damage, and have 50/90 hp.
You slash the fire elemental! You freeze the fire elemental.
The fire elemental is heavily damaged.
You hit the fire elemental but do no damage.
The fire elemental hits you. The fire elemental burns you!
You take 9 damage, and have 41/90 hp.
You closely miss the fire elemental.
The fire elemental is heavily damaged.
You hit the fire elemental. You freeze the fire elemental.
You hit the fire elemental. You freeze the fire elemental.
The fire elemental hits you. The fire elemental burns you!
The fire elemental closely misses you. The fire elemental hits you.
The fire elemental burns you!
* * * LOW HITPOINT WARNING * * *
You take 14 damage, and have 27/90 hp.
You feel much better. The fire elemental hits you.
The fire elemental burns you! The fire elemental hits you.
The fire elemental burns you! The fire elemental hits you.
The fire elemental burns you!
* * * LOW HITPOINT WARNING * * *
The fire elemental hits you.
* * * LOW HITPOINT WARNING * * *
The fire elemental burns you!
* * * LOW HITPOINT WARNING * * *
The fire elemental hits you. The fire elemental burns you!
* * * LOW HITPOINT WARNING * * *
The fire elemental hits you. The fire elemental burns you!
You die...

#.....................#
#......(........<.....
#.....................
#.................8..
#....................
#.#.# #.............
#°..####..####...###
##E.#..>.## #####
#.@#....# ##EE..#...#
###....#.# ###.....#
###...# ##.. ##.


You could see 3 fire elementals.

Vanquished Creatures
  Sigmund (D:6)
  A wyvern (D:7)
  A wraith (D:8)
  3 yaks (D:10)
  Edmund (D:4)
  3 water moccasins
  2 orc warriors
  2 sky beasts (D:5)
  3 black bears
  A necrophage (D:6)
  4 ice beasts
  An ogre (D:6)
  4 centaurs
  A phantom (D:4)
  3 wyvern zombies
  A gnoll sergeant (D:9)
  4 bullfrogs
  A scorpion (D:6)
  3 wyvern skeletons (D:7)
  5 killer bees (D:8)
  7 wights
  2 electric eels (D:6)
  3 hounds
  2 centaur zombies
  5 orc priests
  A gnoll shaman (D:8)
  3 iguanas
  Jessica (D:3)
  A scorpion zombie (D:5)
  4 orc wizards
  A killer bee zombie (D:7)
  A hound skeleton (D:4)
  3 howler monkey zombies
  16 gnolls
  A howler monkey skeleton (D:4)
  7 adders
  A river rat (D:6)
  2 white imps (D:8)
  3 ufetubi
  3 worms
  11 dart slugs
  25 orcs
  4 ball pythons
  7 endoplasms
  3 giant cockroaches
  12 goblins
  6 hobgoblins
  14 jackals
  8 kobolds
  3 quokkas (D:4)
  5 bats
  6 frilled lizards
  2 rats
218 creatures vanquished.

Vanquished Creatures (others)
  187 foxfires
  A plant (D:2)
188 creatures vanquished.

Grand Total: 406 creatures vanquished

Notes
Turn   | Place    | Note
-------+----------+-------------------------------------------
     0 | D:1      | jasper the Hill Orc Cinder Acolyte began the quest for the
                  | Orb.
     0 | D:1      | Reached XP level 1. HP: 19/19 MP: 2/2
   307 | D:1      | Reached XP level 2. HP: 3/26 MP: 3/3
   905 | D:1      | Reached skill level 5 in Axes
  1186 | D:1      | You fall into a shaft and drop 1 floor!
  1191 | D:2      | Reached XP level 3. HP: 31/31 MP: 4/4
  2084 | D:2      | Reached skill level 6 in Axes
  2465 | D:2      | Reached XP level 4. HP: 39/39 MP: 5/5
  2549 | D:2      | Learned a level 2 spell: Scorch
  3140 | D:3      | Noticed Jessica
  3144 | D:3      | Killed Jessica
  3145 | D:3      | Reached skill level 7 in Axes
  3241 | D:3      | Reached XP level 5. HP: 45/45 MP: 6/6
  3841 | D:4      | Found a sacrificial altar of Ru.
  3864 | D:4      | Reached skill level 8 in Axes
  4002 | D:4      | Noticed Edmund
  4019 | D:4      | Killed Edmund
  4020 | D:4      | Reached skill level 9 in Axes
  4020 | D:4      | Reached XP level 6. HP: 38/51 MP: 7/7
  4632 | D:5      | Entered Level 5 of the Dungeon
  4687 | D:5      | Reached skill level 10 in Axes
  4687 | D:5      | Reached XP level 7. HP: 46/57 MP: 8/8
  4823 | D:5      | Reached skill level 11 in Axes
  5126 | D:5      | Identified the +4 ring mail of Forex {rC+ rN+}
  5201 | D:5      | Reached skill level 12 in Axes
  5201 | D:5      | Reached XP level 8. HP: 23/64 MP: 9/9
  5424 | D:5      | Found a staircase to the Ecumenical Temple.
  5775 | D:5      | Reached skill level 13 in Axes
  6308 | D:6      | Noticed Sigmund
  6342 | D:6      | Killed Sigmund
  6343 | D:6      | Reached skill level 14 in Axes
  6348 | D:6      | Reached skill level 1 in Armour
  6600 | D:6      | Reached XP level 9. HP: 51/73 MP: 10/10
  6782 | D:6      | Reached skill level 5 in Fighting
  7695 | D:6      | Reached skill level 5 in Armour
  8707 | D:7      | Found Anolunt's Book Boutique.
  8779 | D:7      | Reached XP level 10. HP: 86/90 MP: 11/11
  9736 | D:8      | Reached skill level 15 in Axes
 10517 | D:9      | Noticed Erolcha
 10550 | D:9      | Cast into level 2 of the Abyss (Erolcha)
 10550 | Abyss:2  | Found a corrupted altar of Lugonu.
 10557 | Abyss:2  | Fell from the grace of Ignis
 10557 | Abyss:2  | Became a worshipper of Lugonu the Unformed
 10557 | Abyss:2  | Reached * piety under Lugonu
 10558 | D:9      | Escaped the Abyss
 10720 | D:9      | Identified a scroll of acquirement
 10720 | D:9      | Acquired a +1 vorpal executioner's axe
 10886 | D:10     | Entered Level 10 of the Dungeon
 10937 | D:10     | Reached skill level 16 in Axes
 10952 | D:10     | HP: 1/90 [fire elemental[the fiery vengeance of Ignis]
                  | (12)]
 10952 | D:10     | Mangled by a fire elemental

Illustrated notes

Levels and vault maps discovered:
D:1:      co_arrival_square_in_a_square_in_a_square, layout_loops_corners
D:2:      cheibrodos_old_hovel, layout_basic
D:3:      layout_rooms, grunt_ministairs_7, uniq_jessica
D:4:      minmay_evil_eye, layout_loops_ring,
          nicolae_ru_great_annihilating_truth, uniq_edmund
D:5:      layout_gridville, temple_pool_b, minmay_misc_feat_chi
D:6:      kennysheep_slugbush, layout_loops_ring, portal_sewer_entry_b,
          wad_floor_pattern_1, uniq_sigmund
D:7:      minmay_inner_zag, layout_basic, serial_shops, shop
D:8:      layout_basic
D:9:      layout_big_octagon, uniq_pikel, uniq_erolcha
D:10:     minmay_the_grid_four_pointed_star
          [minmay_the_grid_triangle_9x9_fully_insulated_deathbox,
          minmay_the_grid_triangle_9x9_steps,
          minmay_the_grid_triangle_9x9_negative_grid,
          minmay_the_grid_triangle_9x9_windchime,
          minmay_the_grid_prize_trominoes], layout_rooms, serial_undead,
          serial_undead_f, serial_undead_f, serial_undead_a, serial_undead_d

Skill      XL: |  1  2  3  4  5  6  7  8  9 10 |
---------------+-------------------------------+-----
Axes           | 5 6 7 9 10 12 14 16 | 16.0
Fighting       | 4 8 |  8.9
Armour         | 2 6 7 |  7.2
Spellcasting   | |  1.0
Fire Magic     | |  3.2

Action                   |  1- 3 |  4- 6 |  7- 9 | 10-12 || total
-------------------------+-------+-------+-------+-------++-------
Melee: Hand axe          |   138 |   193 |   381 |    17 ||   729
       War axe           |       |       |       |   133 ||   133
 Fire: Hunting sling     |    20 |    69 |    16 |       ||   105
Throw: Stone             |    40 |    13 |     5 |    10 ||    68
       Boomerang         |       |       |    74 |    26 ||   100
       Dart              |       |       |    10 |     2 ||    12
 Cast: Scorch            |       |     2 |       |       ||     2
Invok: Foxfire Swarm     |     2 |     5 |     4 |       ||    11
       Depart the Abyss  |       |       |       |     1 ||     1
Evoke: Wand              |       |       |    11 |       ||    11
  Use: Scroll            |     4 |     1 |     4 |     7 ||    16
       Potion            |       |       |     3 |     1 ||     4
 Stab: Paralysed         |       |     1 |       |       ||     1
Armor: Robe              |     6 |       |       |       ||     6
       Scale mail        |    35 |    20 |       |       ||    55
       Leather armour    |    25 |       |       |       ||    25
       Chain mail        |       |    67 |    14 |       ||    81
       Ring mail         |       |       |    69 |    75 ||   144
       Skin              |       |       |     9 |       ||     9
Dodge: Dodged            |    64 |    47 |   106 |    93 ||   310
Block: Other             |       |    19 |    52 |    33 ||   104
       Reflection        |       |     1 |     3 |     1 ||     5

Table legend: (Time is in decaauts)
 A = Elapsed time spent in this place.
 B = Non-inter-level travel time spent in this place.
 C = Inter-level travel time spent in this place.
 D = Time resting spent in this place.
 E = Time spent auto-exploring this place.
 F = Levels seen in this place.
 G = Mean time per level.
                   A        B        C        D        E       F      G
               +--------+--------+--------+--------+--------+-----+--------+
         Total |  10813 |  10554 |    259 |   1245 |   7161 |  11 |  983.0 |
       Dungeon |  10805 |  10546 |    259 |   1245 |   7161 |  10 | 1080.5 |
         Abyss |      7 |      7 |      0 |      0 |      0 |   1 |    7.0 |
               +--------+--------+--------+--------+--------+-----+--------+

Top non-repeatable levels by time:
     D:6: 1710 daAuts
     D:5: 1602 daAuts
     D:1: 1514 daAuts
     D:2: 1281 daAuts
     D:7: 1271 daAuts
     D:8: 1189 daAuts
     D:4: 1002 daAuts
     D:3: 824 daAuts
     D:9: 352 daAuts
    D:10: 58 daAuts
 Abyss:2: 7 daAuts
